 Dungeon Crawl Stone Soup version 0.30-a0-331-g8ab09dc110 (webtiles) character file.

Game seed: 5260334180908526533

88 porpoise the Poker (level 4, -5/35 HPs)
             Began as a Demonspawn Gladiator on Oct 30, 2022.
             Slain by a gnoll
             ... wielding a +1 vorpal flail
              (6 damage)
             ... on level 2 of the Dungeon.
             The game lasted 00:06:28 (1756 turns).

porpoise the Poker (Demonspawn Gladiator)           Turns: 1756, Time: 00:06:28

Health: -5/35      AC:  4    Str: 16    XL:     4   Next: 29%
Magic:  4/4        EV: 12    Int:  9    God:
Gold:   80         SH:  0    Dex: 15    Spells: 3/3 levels left

rFire   . . .      SeeInvis .    a - +0 trident
rCold   . . .      Faith    .    (no shield)
rNeg    . . .      Spirit   .    f - +0 leather armour
rPois   .          Reflect  .    c - +0 helmet
rElec   .          Harm     .    (no cloak)
rCorr   .          Rampage  .    (no gloves)
Will    .....                    (no boots)
Stlth   +.........               (no amulet)
HPRegen 0.25/turn                (no ring)
MPRegen 0.09/turn                (no ring)

@: brilliant, attractive
A: hooves 2, demonic magic 1
a: no special abilities


You were on level 2 of the Dungeon.
You visited 1 branch of the dungeon, and saw 3 of its levels.

You collected 80 gold pieces.

Inventory:

Hand Weapons
 a - a +0 trident (weapon)
 b - a +1 dagger of venom
Missiles
 d - 3 throwing nets
 e - a javelin
 o - 6 boomerangs (quivered)
Armour
 c - a +0 helmet (worn)
 f - a +0 leather armour (worn)
Magical Staves
 i - a staff of air
Scrolls
 g - a scroll of blinking {unknown}
 k - a scroll of immolation
 l - 2 scrolls of amnesia {unknown}
 m - a scroll of vulnerability {unknown}
 r - a scroll of noise
Potions
 h - a potion of cancellation {unknown}
 j - a potion of attraction
 n - a potion of haste {unknown}
 p - a potion of degeneration {unknown}
 q - a potion of brilliance
 s - a potion of mutation {unknown}
 t - a potion of magic {unknown}
 u - a potion of heal wounds {unknown}
 v - a potion of curing {unknown}


   Skills:
 + Level 3.0 Fighting
 * Level 4.1 Polearms
 - Level 1.7 Throwing
 - Level 2.6 Dodging


You had 3 spell levels left.
You didn't know any spells.
Your spell library contained the following spells:

 Spells                   Type           Power      Damage    Failure   Level
 Kindle Blastsparks       Fire/Tloc/Air  0%         2d10      83%         3
 Fulminant Prism          Conj/Hex       0%         3d5       99%         4
 Iskenderun's Mystic Bla  Conj/Tloc      0%         2d3       99%         4
 Lee's Rapid Deconstruct  Erth           0%         3d4*      100%        5


Dungeon Overview and Level Annotations

Branches:
Dungeon (3/15)

Altars:

Shops:
D:1 [


Innate Abilities, Weirdness & Mutations

You have hoof-like feet.
Spells you cast may paralyse adjacent enemies.


Message History

You climb downwards.
The gnoll shouts!
You hear an angry hiss.
Found a scroll labelled MAPAG WUTWAF.
Found a stone staircase leading down.
There is a stone staircase leading up here.
There are monsters nearby!
You hit the gnoll. You kick the gnoll.
The gnoll is moderately wounded.
A gnoll comes into view. It is wielding a +0 flail.
The gnoll closely misses you.
The gnoll shouts!
The gnoll hits you with a +0 club.
The gnoll hits you with a +1 vorpal flail.
You climb upwards.
There is a stone staircase leading down here.
You hit the gnoll.
The gnoll is moderately wounded.
The gnoll hits you with a +1 vorpal flail.
The gnoll misses you.
You hit the gnoll but do no damage.
The gnoll is moderately wounded.
The gnoll hits you with a +1 vorpal flail!
The gnoll closely misses you.
You are too injured to fight recklessly!
You completely miss the gnoll.
The gnoll is moderately wounded.
The gnoll hits you with a +1 vorpal flail.
The gnoll hits you with a +0 club!
* * * LOW HITPOINT WARNING * * *
As you read the scroll labelled WUYKLE EMEPNO, it crumbles to dust.
You hear a loud clanging noise!
It was a scroll of noise.
The gnoll barely misses you. The gnoll hits you with a +0 club.
* * * LOW HITPOINT WARNING * * *
It was a potion of brilliance.
You feel clever all of a sudden. The gnoll barely misses you.
The gnoll closely misses you.
It was a potion of attraction.
You feel attractive to monsters.
The gnoll hits you with a +1 vorpal flail.
You die...

#### ...# ##################
...##########................####
....†.....(.....@g.....#####.....
...#####.##....g...##########'##.
...# #.##.#......#≈≈≈≈≈≈≈≈≈.≈#.
..)# #.##.#......'..........≈#.
########.##.#..#'###≈########.≈#.
##.......#.........#≈.......#.≈#.
##.......#...#.....#≈.#####.#.≈#.
##.......#...#.....#≈.#...#.#.≈#.
##.......#<..###.###≈.#.###.#.≈#.


You could see 2 gnolls.

Vanquished Creatures
  4 adders (D:2)
  2 worms (D:2)
  2 dart slugs
  5 endoplasms
  4 giant cockroaches
  4 goblins
  8 hobgoblins
  2 quokkas
  A ball python (D:1)
  A bat (D:1)
  A frilled lizard (D:1)
  5 kobolds
  A rat (D:1)
40 creatures vanquished.

Notes
Turn   | Place    | Note
-------+----------+-------------------------------------------
     0 | D:1      | porpoise the Demonspawn Gladiator began the quest for the
                  | Orb.
     0 | D:1      | Reached XP level 1. HP: 16/16 MP: 1/1
   279 | D:1      | Reached skill level 3 in Polearms
   292 | D:1      | Discovered your monstrous ancestry.
   292 | D:1      | Gained mutation: You have large cloven feet. [demonic
                  | ancestry]
   292 | D:1      | Reached XP level 2. HP: 22/22 MP: 2/2
   329 | D:1      | Found a faded altar of an unknown god.
   562 | D:1      | Found Zuocischa's Antique Armour Shop.
  1095 | D:2      | Gained mutation: You have hoof-like feet. [demonic
                  | ancestry]
  1095 | D:2      | Reached XP level 3. HP: 28/28 MP: 3/3
  1331 | D:2      | Reached skill level 4 in Polearms
  1331 | D:2      | Gained mutation: Spells you cast may paralyse adjacent
                  | enemies. [demonic ancestry]
  1331 | D:2      | Reached XP level 4. HP: 23/34 MP: 4/4
  1754 | D:2      | HP: 1/35 [gnoll/+0 club (3)]
  1756 | D:2      | Slain by a gnoll

Illustrated notes

Levels and vault maps discovered:
D:1:      minmay_arrival_jagged, layout_loops_corners, serial_shops,
          nicolae_shop_hallway_plus, hellmonk_ecumenical_altar_blasted
D:2:      layout_basic, grunt_ministairs_1, kennysheep_small_spiral
D:3:      due_chaos_kobolds, layout_loops_ring, minitemple, gammafunk_ghost_icy,
          hangedman_abyss_or_decor_stabs, guppyfry_early_lair_pool

Skill      XL: |  1  2  3  4 |
---------------+-------------+-----
Polearms       | 3 4 |  4.1
Fighting       | 3 |  3.0
Throwing       | |  1.7
Dodging        | |  2.6

Action                   |  1- 3 |  4- 6 || total
-------------------------+-------+-------++-------
Melee: Trident           |    83 |    25 ||   108
       Kick              |     4 |     6 ||    10
Throw: Boomerang         |    10 |       ||    10
  Use: Potion            |       |     2 ||     2
       Scroll            |       |     1 ||     1
Armor: Leather armour    |    12 |     4 ||    16
Dodge: Dodged            |    34 |    17 ||    51

Table legend: (Time is in decaauts)
 A = Elapsed time spent in this place.
 B = Non-inter-level travel time spent in this place.
 C = Inter-level travel time spent in this place.
 D = Time resting spent in this place.
 E = Time spent auto-exploring this place.
 F = Levels seen in this place.
 G = Mean time per level.
                   A        B        C        D        E       F      G
               +--------+--------+--------+--------+--------+-----+--------+
         Total |   1770 |   1717 |     53 |    273 |   1119 |   3 |  590.0 |
       Dungeon |   1770 |   1717 |     53 |    273 |   1119 |   3 |  590.0 |
               +--------+--------+--------+--------+--------+-----+--------+

Top non-repeatable levels by time:
     D:1: 969 daAuts
     D:2: 797 daAuts
     D:3: 2 daAuts
